 Dungeon Crawl Stone Soup version 0.28.0 (webtiles) character file.

Game seed: 14033624796910417838

100 SomeFlowers the Charlatan (level 4, 0/25 HPs)
             Began as a Tengu Artificer on Feb 12, 2022.
             Slain by a gnoll (1 damage)
             ... on level 3 of the Dungeon.
             The game lasted 00:05:16 (2822 turns).

SomeFlowers the Charlatan (Tengu Artificer)         Turns: 2822, Time: 00:05:17

Health: 0/25       AC:  3    Str: 12    XL:     4   Next: 73%
Magic:  5/5        EV: 11    Int: 11    God:
Gold:   34         SH:  0    Dex: 17    Spells: 3/3 levels left

rFire   . . .      SeeInvis .   a - +0 club
rCold   . . .      Faith    .   (no shield)
rNeg    . . .      Spirit   .   b - +0 leather armour
rPois   .          Reflect  .   (helmet restricted)
rElec   .          Harm     .   (no cloak)
rCorr   .          Rampage  .   (no gloves)
Will    .....                   (boots unavailable)
Stlth   ++........              (no amulet)
HPRegen 0.08/turn               (no ring)
MPRegen 0.09/turn               (no ring)

@: no status effects
A: beak, talons 3
a: no special abilities


You were on level 3 of the Dungeon.
You visited 1 branch of the dungeon, and saw 3 of its levels.

You collected 34 gold pieces.

Inventory:

Hand Weapons
 a - a +0 club (weapon)
 o - a +0 whip
 q - a +0 hunting sling
Missiles
 i - 83 stones
Armour
 b - a +0 leather armour (worn)
Wands
 c - a wand of flame (2) (quivered)
 d - a wand of charming (13)
Scrolls
 f - a scroll of brand weapon {unknown}
 h - a scroll of teleportation {unknown}
 j - a scroll of fear {unknown}
 l - a scroll of identify {unknown}
 m - a scroll of enchant weapon {unknown}
 n - 2 scrolls of noise {unknown}
Potions
 g - 3 potions of heal wounds {unknown}
 k - 2 potions of lignification {unknown}
 p - 2 potions of curing {unknown}
Miscellaneous
 e - a piece from Xom's chessboard (14/15)


   Skills:
 + Level 1.4 Fighting
 * Level 2.6 Maces & Flails
 - Level 2.5 Armour
 - Level 1.1 Dodging
 - Level 1.0 Stealth
 + Level 4.2 Evocations


You had 3 spell levels left.
You didn't know any spells.
Your spell library was empty.

Dungeon Overview and Level Annotations

Branches:
Dungeon (3/15)

Altars:


Innate Abilities, Weirdness & Mutations

You have a beak for a mouth.
You have claws for feet.


Message History

The gnoll is lightly wounded.
The gnoll hits you with a +0 whip.
Aiming: Throw Flame
Press: ? - help, Shift-Dir - straight line, f - gnoll
Aim: a gnoll, wielding a +0 whip (lightly wounded, 75% to hit)
The puff of flame hits the gnoll!
The gnoll is almost dead.
The gnoll barely misses you.
You barely miss the gnoll. You claw the gnoll.
You kill the gnoll!
Things that are here:
a +0 whip; a +0 club; a gnoll corpse You start resting.
A rat comes into view.
Things that are here:
a +0 whip; a +0 club; a gnoll corpse
Found a scroll labelled HOBRAATISAMORCH.
You hit the rat but do no damage. The rat bites you.
You hit the rat.
You kill the rat!
You start resting.
A gnoll is nearby!
The gnoll shouts!
You hear an angry hiss.
Aiming: Throw Flame
Press: ? - help, Shift-Dir - straight line, f - gnoll
Aim: a gnoll, wielding a +0 vorpal flail (77% to hit)
The puff of flame misses the gnoll.
Unknown command.
There is a stone staircase leading up here.
You make a move on Xom's chessboard...
The gnoll is moving more slowly.
Okay, then.
a - a +0 club (weapon)
The gnoll hits you with a +0 vorpal flail!
Ouch! That really hurt!
* * * LOW HITPOINT WARNING * * *
x2 You hit the gnoll.
You punch the gnoll.
The gnoll is lightly wounded.
The gnoll hits you with a +0 vorpal flail.
* * * LOW HITPOINT WARNING * * *
You die...

## ?. .. ...
.# #...
.#..... #####
.#...#
#.<.###..$.#
#..@g...#####.
###...........
#..#######..
#....# #.##.#
#.. #.. #..
##.# #.# .# ..
..


You could see a gnoll (petrifying).

Vanquished Creatures
  2 gnolls
  2 adders (D:2)
  A worm (D:2)
  2 dart slugs
  3 orcs (D:2)
  4 bats
  9 endoplasms
  4 giant cockroaches
  4 goblins
  4 hobgoblins
  2 kobolds (D:2)
  A quokka (D:1)
  5 ball pythons (D:1)
  3 frilled lizards
  2 rats
48 creatures vanquished.

Vanquished Creatures (others)
  A gnoll (D:3)
  A goblin (D:1)
2 creatures vanquished.

Grand Total: 50 creatures vanquished

Notes
Turn   | Place    | Note
-------+----------+-------------------------------------------
     0 | D:1      | SomeFlowers the Tengu Artificer began the quest for the
                  | Orb.
     0 | D:1      | Reached XP level 1. HP: 12/12 MP: 2/2
    97 | D:1      | Reached XP level 2. HP: 16/16 MP: 3/3
   301 | D:1      | Reached skill level 1 in Maces & Flails
   301 | D:1      | Reached XP level 3. HP: 15/20 MP: 4/4
   375 | D:1      | You fall into a shaft and drop 1 floor!
   479 | D:2      | Reached skill level 4 in Evocations
   620 | D:2      | Reached XP level 4. HP: 10/25 MP: 5/5
  2822 | D:3      | HP: 1/25 [gnoll (2)]
  2822 | D:3      | Slain by a gnoll

Illustrated notes

Levels and vault maps discovered:
D:1:      minmay_arrival_radiant_lines, layout_basic,
          nicolae_concentric_dashed_squares_wild
D:2:      layout_loops_corners
D:3:      layout_rooms, okawaru_metal_pillars_3, serial_shops,
          nicolae_shop_advertising_works [nicolae_subvault_shop_adworks],
          hellmonk_ecumenical_altar_defaced_shrine, grunt_decor_arrowhead,
          hangedman_abyss_or_decor_stabs, uniq_natasha

Skill      XL: |  1  2  3  4 |
---------------+-------------+-----
Maces & Flails | 1 2 |  2.6
Evocations     | 4 |  4.2
Fighting       | |  1.4
Armour         | |  2.5
Dodging        | |  1.1
Stealth        | |  1.0

Action                   |  1- 3 |  4- 6 || total
-------------------------+-------+-------++-------
Melee: Club              |    51 |    67 ||   118
       Kick              |    15 |    26 ||    41
       Peck              |     5 |    11 ||    16
       Whip              |       |    16 ||    16
       Punch             |       |     2 ||     2
Evoke: Wand              |    12 |     3 ||    15
       Piece from Xom's  |       |     1 ||     1
 Stab: Sleeping          |     1 |     3 ||     4
Armor: Leather armour    |    21 |    18 ||    39
Dodge: Dodged            |    37 |    39 ||    76
